 Dungeon Crawl Stone Soup version 0.32-a0-975-g85d4e5bfdb (webtiles) character file.

Game seed: 14909936637474631135

150118 Autsider the Hermetic (level 18, -6/130 HPs)
             Began as a Formicid Alchemist on Apr 18, 2024.
             Was a High Priest of Hepliaklqana.
             Mangled by a demonic crawler (7 damage)
             ... on level 4 of the Spider Nest.
             The game lasted 01:58:52 (34075 turns).

Autsider the Hermetic (Formicid Alchemist)         Turns: 34075, Time: 01:58:53

Health: -6/130     AC:  9    Str: 14    XL:     18   Next: 15%
Magic:  0/45       EV: 12    Int: 22    God:    Hepliaklqana [*****.]
Gold:   1520       SH:  7    Dex: 14    Spells: 7/46 levels left

rFire   + . .        F - +0 orcbow (elec)
rCold   + + .        V - +2 buckler {rC+}
rNeg    . . .        W - +2 leather armour {rC+ rF+}
rPois   +            (helmet unavailable)
rElec   .            C - +2 cloak {Will+}
rCorr   +            c - +2 pair of gloves
SInv    +            p - +0 pair of boots
Will    +++..        y - amulet of the acrobat
Stlth   ++           e - ring of magical power
HPRegen 0.41/turn    S - ring "Fesepash" {rPois Will+ rCorr}
MPRegen 0.29/turn

%: acrobat
@: corroded
A: reduced essence, permanent stasis, dig shafts and tunnels, antennae 3, four
strong arms
a: Dig, Shaft Self, Renounce Religion, Recall Ancestor, Ancestor Identity,
Transference, Idealise


You were on level 4 of the Spider Nest.
You worshipped Hepliaklqana.
Hepliaklqana was extremely pleased with you.
You visited 5 branches of the dungeon, and saw 27 of its levels.
You visited 1 bazaar.
You also visited: Ice Cave.

You collected 3654 gold pieces.
You spent 2134 gold pieces at shops.

Inventory:

Hand Weapons
 m - the +1 short sword "Maiky" {protect, Int+2}
   (You found it on level 2 of the Dungeon)

   Int+2:     It affects your intelligence (+2).
 F - a +0 orcbow of electrocution (weapon)
Missiles
 K - a throwing net
Armour
 c - a +2 pair of gloves (worn)
 p - a +0 pair of boots (worn)
 C - a +2 cloak of willpower (worn)
 M - the +4 robe of Augmentation {Str+4 Int+4 Dex+4}
   (You found it on level 2 of the Lair of Beasts)

   Str+4:     It affects your strength (+4).
   Int+4:     It affects your intelligence (+4).
   Dex+4:     It affects your dexterity (+4).
 V - a +2 buckler of cold resistance (worn)
 W - a +2 leather armour of resistance (worn)
Magical Staves
 g - a staff of conjuration
 l - a staff of cold
 N - a staff of air
Jewellery
 e - a ring of magical power (left hand)
 y - an amulet of the acrobat (around neck)
 L - a +4 ring of protection
 P - a ring of positive energy
 S - the ring "Fesepash" (right hand) {rPois Will+ rCorr}
   (You found it on level 13 of the Dungeon)

   [ring of poison resistance]

   rPois:     It protects you from poison.
   Will+:     It increases your willpower.
   rCorr:     It protects you from acid and corrosion.
 X - a ring of ice
Wands
 a - a wand of mindburst (4)
 t - a wand of flame (73)
 u - a wand of acid (18)
 v - a wand of digging (12)
 B - a wand of polymorph (5)
 I - a wand of iceblast (32)
 O - a wand of charming (11)
Scrolls
 i - 4 scrolls of immolation
 k - 3 scrolls of identify {@r1}
 o - 2 scrolls of fear
 s - 2 scrolls of torment
 w - 2 scrolls of vulnerability
 z - 4 scrolls of amnesia
 H - 7 scrolls of fog
 Q - a scroll of poison
 Y - a scroll of silence
Potions
 b - 2 potions of magic
 d - a potion of enlightenment {unknown}
 f - 4 potions of lignification
 h - a potion of cancellation
 n - 2 potions of heal wounds {@q2}
 q - 10 potions of curing {@q1}
 G - a potion of invisibility
 J - 2 potions of resistance
 U - 3 potions of brilliance
Miscellaneous
 j - a Gell's gravitambourine (2/2)
 Z - a phantom mirror


   Skills:
 + Level 13.9 Fighting
 - Level 5.0 Armour
 + Level 4.4 Dodging
 - Level 4.0 Stealth
 - Level 5.0 Shields
 + Level 14.8 Spellcasting
 - Level 9.4 Conjurations
 - Level 8.0 Hexes
 - Level 11.0 Fire Magic
 - Level 4.0 Air Magic
 * Level 8.7 Earth Magic
 - Level 18.0 Alchemy
 - Level 8.0 Invocations


You had 7 spell levels left.
You knew the following spells:

 Your Spells              Type           Power      Damage    Failure   Level
a - Fireball              Conj/Fire      28%        3d12      2%          5
b - Yara's Violent Unrav  Hex/Alch       32%        3d13      1%          5
c - Olgreb's Toxic Radia  Alch           77%        N/A       1%          4
d - Ignite Poison         Fire/Alch      68%        N/A       1%          4
e - Seismic Cannonade     Alch/Erth      33%        6d12      22%         7
f - Eringya's Noxious Bo  Alch           38%        4d6       1%          6
g - Sticky Flame          Fire/Alch      68%        2d11      1%          4
h - Sting                 Conj/Alch      100%       1d9       1%          1
w - Mephitic Cloud        Conj/Alch/Air  58%        N/A       1%          3

Your spell library contained the following spells:

 Spells                   Type           Power      Damage    Failure   Level
 Foxfire                  Conj/Fire      100%       2x1d9     1%          1
 Slow                     Hex            100%       N/A       1%          1
 Ensorcelled Hibernation  Hex/Ice        66%        N/A       1%          2
 Jinxbite                 Hex            100%       N/A       1%          2
 Mercury Vapours          Alch/Air       100%       N/A       1%          2
 Scorch                   Fire           100%       2d9       1%          2
 Confusing Touch          Hex            51%        N/A       1%          3
 Sigil of Binding         Hex            51%        N/A       1%          3
 Brom's Barrelling Bould  Conj/Erth      54%        2d7       1%          4
 Alistair's Intoxication  Alch           51%        N/A       1%          5
 Anguish                  Hex/Necr       16%        N/A       12%         4
 Dimensional Bullseye     Hex/Tloc       16%        N/A       12%         4
 Starburst                Conj/Fire      28%        6d9       14%         6
 Call Canine Familiar     Summ           16%        N/A       19%         3
 Fugue of the Fallen      Necr           16%        N/A       19%         3
 Teleport Other           Tloc           16%        N/A       19%         3
 Vampiric Draining        Necr           16%        2d7       19%         3
 Bombard                  Conj/Erth      27%        9d5       22%         6
 Borgnjor's Vile Clutch   Necr/Erth      17%        N/A       28%         5
 Enfeeble                 Hex            25%        N/A       88%         7
 Dispersal                Tloc           8%         N/A       100%        6
 Gell's Gavotte           Tloc           8%         2d(15-22) 100%        6
 Fire Storm               Conj/Fire      28%        8d7       100%        9


Dungeon Overview and Level Annotations

Branches:
Dungeon (15/15)            Temple (1/1) D:5            Lair (5/5) D:11
  Swamp (0/4) Lair:2       Spider (4/4) Lair:2        Slime (0/5) Lair:5
    Orc (2/2) D:9             Elf (0/3) Orc:2        Vaults (0/5) D:13
 Depths (0/4) D:15          IceCv (visited)

Altars:
Ashenzari
Cheibriados
Dithmenos
Elyvilon
Fedhas
Gozag
Hepliaklqana
Kikubaaqudgha
Makhleb
Nemelex Xobeh
Okawaru
Qazlal
Ru
Sif Muna
Trog
Uskayaw
Vehumet
Wu Jian
Xom
Yredelemnul
Zin
The Shining One
Jiyva

Shops:
D:5 (   D:9 *   Orc:2 *(:

Annotations:
D:8 exclusion: statue
D:12 exclusion: downstairs
Spider:4 Nikola
Orc:1 Meogie's ghost, journeyman MiBe
Orc:2 exclusion: 2 upstairs


Innate Abilities, Weirdness & Mutations

Your life essence is reduced to manifest your ancestor. (-10% HP)
You cannot be hasted, slowed, berserked, paralysed or teleported.
You can dig through walls and to a lower floor.
You have a pair of large antennae on your head. (SInv)
Your four strong arms can wield two-handed weapons with a shield.


Message History

The boulder beetle looks frightened!
The demonic crawler looks frightened!
The steelbarb worm looks frightened!
The meliai looks frightened!
Nikola resists with almost no effort.
Your attack snaps the boulder beetle out of its fear.
The boulder beetle looks even sicker.
You kill the spark wasp!
Your attack snaps the boulder beetle out of its fear.
Your attack snaps the steelbarb worm out of its fear.
The steelbarb worm is poisoned.
Your attack snaps the meliai out of its fear.
The meliai looks even sicker.
You kill the boulder beetle!
The ghost moth stares at you.
The boulder beetle curls into a ball and begins rolling!
Your seismic cannon launches a salvo of rock.
The stone bullet hits the demonic crawler!
Your seismic cannon's attack snaps the demonic crawler out of its fear.
Your seismic cannon launches a salvo of rock.
The stone bullet hits Nikola.
You feel much better.
The boulder beetle looks even sicker.
The steelbarb worm looks even sicker.
The meliai looks even sicker.
Your toxic aura wanes.
The ghost moth stares at you.
You feel your power leaking away.
The boulder beetle is engulfed in noxious fumes.
The boulder beetle appears confused.
The boulder beetle hits you!!
* * * LOW HITPOINT WARNING * * *
The boulder beetle stops rolling and uncurls.
You feel much better. The demonic crawler hits you.
* * * LOW HITPOINT WARNING * * *
You block the demonic crawler's attack. The demonic crawler closely misses you.
Nikola casts a spell at you. The bolt of lightning misses you.
The bolt of lightning hits you!!!
* * * LOW HITPOINT WARNING * * *
The ghost moth stares at you.
The boulder beetle is engulfed in noxious fumes.
The boulder beetle appears confused.
The boulder beetle closely misses you. You block the demonic crawler's attack.
The demonic crawler hits you!
You die...
Hepliaklqana delivers you to your ancestors.

# # ##^ #.,,
#.#### #..
#....###
....####○.....#
......I#I.#...##
....y○s#.I.....#
....w°B@.○°....#
...y##†#.###...##
. , ##....#....#
.# ##^@..^.^###
..
##...#.###.##..
#.s.# # .[.[
#..### ###..#
##...###^...#
#†..#^##...# ##


You could see Nikola (ally target), a boulder beetle (confused, very poisoned,
ally target), a ghost moth (invisible), a steelbarb worm (very poisoned), 2
demonic crawlers, a meliai (very poisoned) and 3 friendly seismic cannons.

Vanquished Creatures
  A ghost moth (Spider:3)
  A stone giant (Orc:2)
  A broodmother (Spider:3)
  3 spark wasps
  3 ettins (Orc:2)
  An entropy weaver (Spider:4)
  An ice dragon (D:15)
  A great orb of eyes (D:13)
  Erolcha (D:11)
  7 vault guards (D:13)
  A hydra (D:15)
  A jorogumo (Spider:2)
  4 centaur warriors
  2 catoblepae (D:13)
  9 boulder beetles
  A two-headed ogre (D:11)
  5 death yaks
  A demonic crawler (Spider:1)
  An orc high priest (Orc:2)
  2 pharaoh ants
  A skyshark (Lair:5)
  6 orb spiders
  A glowing orange brain (D:13)
  5 steelbarb worms
  A spectral hydra (Lair:2)
  2 deep elf pyromancers
  An orc sorcerer (Orc:2)
  10 wolf spiders
  6 cyclopes
  21 ugly things
  A moth of wrath (Spider:2)
  A manticore (D:11)
  3 elephants (Lair:2)
  2 kobold blastminers (Orc:1)
  6 meliai
  An orange demon (D:11)
  3 black mambas
  3 torpor snails
  2 unseen horrors
  4 cane toads
  5 rime drakes
  2 kobold demonologists
  Jeremiah (D:6)
  A yaktaur (D:15)
  6 komodo dragons
  An efreet (D:13)
  4 trolls
  A queen bee (D:10)
  13 polar bears
  10 tarantellas
  19 jumping spiders
  9 hornets
  15 blink frogs
  2 dream sheep (Lair:5)
  5 slime creatures
  15 culicivoras
  9 spriggans (Lair:5)
  4 wraiths
  2 shadows (D:13)
  4 wyverns
  A human (D:9)
  44 yaks
  4 basilisks (D:13)
  2 wargs
  A basilisk (shapeshifter) (D:13)
  26 redbacks
  13 vampire mosquitoes
  An acid dragon (D:13)
  8 water moccasins
  7 orc warriors
  3 black bears
  4 boggarts (Lair:5)
  48 wolves
  2 centaurs
  3 ogres
  A phantom (D:6)
  5 bullfrogs
  6 kobold brigands
  A brain worm (shapeshifter) (D:15)
  2 gnoll sergeants
  2 scorpions
  A two-headed ogre simulacrum (D:13)
  10 wights
  8 killer bees (D:10)
  An elephant simulacrum (D:13)
  A howler monkey (D:13)
  An electric eel (Lair:3)
  A bombardier beetle (D:4)
  11 orc priests
  3 hounds
  A jelly (D:4)
  Ijyb (D:3)
  Natasha (twice) (D:3)
  2 iguanas
  A sleepcap (D:4)
  15 orc wizards
  6 hell rats (Lair:5)
  An ancestor (D:7)
  Robin (D:3)
  8 gnolls
  9 adders
  A shadow imp (D:5)
  3 white imps
  2 ufetubi (D:5)
  3 ribbon worms
  2 dart slugs
  36 orcs
  7 bats
  6 endoplasms
  17 goblins
  12 hobgoblins
  13 jackals
  21 kobolds
  3 quokkas
  2 ball pythons (D:1)
  3 frilled lizards
  2 rats (D:1)
656 creatures vanquished.

Vanquished Creatures (collateral kills)
  Gastronok (D:12)
  A frost giant (IceCv)
  3 ghost moths
  Snorg (Lair:4)
  A fire dragon (D:15)
  A vault guard (D:13)
  A jorogumo (Spider:1)
  2 two-headed ogres
  A boulder beetle (D:13)
  5 death yaks
  A demonic crawler (Spider:3)
  Amaemon (D:11)
  2 pharaoh ants (Spider:3)
  A glowing orange brain (D:13)
  A spectral hydra (Lair:2)
  A sun moth (Spider:1)
  An obsidian bat (Orc:1)
  A steelbarb worm (Spider:4)
  An orc knight (Orc:2)
  A manticore (D:11)
  7 ugly things
  2 elephants (Lair:2)
  9 wolf spiders
  3 cyclopes (Orc:2)
  A black mamba (Lair:4)
  An ice statue (IceCv)
  A cane toad (shapeshifter) (D:14)
  A cane toad (Lair:3)
  4 rime drakes
  A torpor snail (Spider:1)
  4 komodo dragons
  3 trolls
  A polar bear (IceCv)
  3 tarantellas
  7 jumping spiders
  A dream sheep (Lair:5)
  A blink frog (Lair:5)
  5 slime creatures (D:13)
  A wraith (D:13)
  6 culicivoras
  A shadow (D:10)
  2 spriggans (Lair:5)
  3 wyverns
  A vampire (D:10)
  14 yaks
  A spectral komodo dragon (Lair:2)
  2 wargs
  9 redbacks
  A death yak simulacrum (D:13)
  8 vampire mosquitoes
  A spectral cane toad (Lair:2)
  14 water moccasins
  4 black bears
  2 orc warriors (Orc:2)
  12 wolves
  A kobold brigand (D:11)
  2 bullfrogs
  2 wyvern zombies (D:13)
  2 two-headed ogre simulacra (D:13)
  2 wights (D:7)
  3 killer bees (D:10)
  A spectral wolf (Lair:2)
  An orc priest (D:9)
  6 orc wizards
  A hell rat (Lair:5)
  2 troll simulacra (D:13)
  A gnoll (D:7)
  A naga simulacrum (D:13)
  10 orcs
200 creatures vanquished.

Vanquished Creatures (others)
  3 ancestors (D:8)
  13 knights
16 creatures vanquished.

Grand Total: 872 creatures vanquished

Notes
Turn   | Place    | Note
-------+----------+-------------------------------------------
     0 | D:1      | Autsider the Formicid Alchemist began the quest for the
                  | Orb.
     0 | D:1      | Reached XP level 1. HP: 13/13 MP: 3/3
    61 | D:1      | Reached skill level 1 in Fighting
    61 | D:1      | Reached skill level 1 in Conjurations
    91 | D:1      | Reached XP level 2. HP: 21/21 MP: 1/5
   504 | D:1      | Reached skill level 5 in Alchemy
   534 | D:1      | Reached XP level 3. HP: 26/26 MP: 6/6
  1210 | D:2      | Found a blossoming altar of Fedhas.
  1327 | D:2      | Identified the +1 short sword "Maiky" {protect, Int+2}
  1449 | D:2      | Reached XP level 4. HP: 29/32 MP: 5/7
  1847 | D:2      | Found a faded altar of an unknown god.
  2024 | D:3      | Reached skill level 1 in Air Magic
  2158 | D:3      | Learned a level 3 spell: Mephitic Cloud
  2163 | D:3      | Learned a level 4 spell: Olgreb's Toxic Radiance
  2445 | D:3      | Noticed Robin
  2448 | D:3      | Reached XP level 5. HP: 37/37 MP: 9/9
  2451 | D:3      | Killed Robin
  2557 | D:3      | Noticed Ijyb
  2574 | D:3      | Killed Ijyb
  2793 | D:3      | Noticed Natasha
  2797 | D:3      | Killed Natasha
  2987 | D:3      | Noticed Natasha
  2992 | D:3      | Killed Natasha
  2993 | D:3      | Reached XP level 6. HP: 40/43 MP: 10/10
  3209 | D:4      | Reached skill level 1 in Shields
  3209 | D:4      | Reached skill level 6 in Alchemy
  3782 | D:4      | Reached XP level 7. HP: 48/48 MP: 11/11
  4068 | D:5      | Entered Level 5 of the Dungeon
  4068 | D:5      | Found Caumits's Weapon Boutique.
  4205 | D:5      | Reached skill level 1 in Fire Magic
  4473 | D:5      | Found a staircase to the Ecumenical Temple.
  4667 | Temple   | Entered the Ecumenical Temple
  4672 | Temple   | Became a worshipper of Hepliaklqana the Forgotten
  4720 | D:6      | Reached XP level 8. HP: 54/54 MP: 13/13
  4799 | D:6      | Noticed a wraith
  4808 | D:6      | Noticed a troll
  4819 | D:6      | Killed a troll
  4857 | D:5      | Learned a level 4 spell: Sticky Flame
  5112 | D:6      | Reached skill level 5 in Shields
  5112 | D:6      | Reached skill level 7 in Alchemy
  5457 | D:6      | Noticed Jeremiah
  5495 | D:6      | Killed Jeremiah
  5496 | D:6      | Reached XP level 9. HP: 25/59 MP: 7/16
  5978 | D:6      | Reached skill level 5 in Spellcasting
  5978 | D:6      | Reached skill level 8 in Alchemy
  6207 | D:7      | Reached skill level 5 in Conjurations
  6387 | D:7      | Noticed a hornet
  6394 | D:7      | Killed a hornet
  6445 | D:7      | Reached * piety under Hepliaklqana
  6471 | D:7      | Found a broken altar of Ashenzari.
  6472 | D:7      | Found a shimmering altar of Xom.
  6482 | D:7      | Found a basalt altar of Yredelemnul.
  6483 | D:7      | Found a burning altar of Makhleb.
  6485 | D:7      | Found a sacrificial altar of Ru.
  6486 | D:7      | Found a blossoming altar of Fedhas.
  6488 | D:7      | Found a snail-covered altar of Cheibriados.
  6492 | D:7      | Found a shimmering blue altar of Sif Muna.
  6566 | D:7      | Reached skill level 9 in Alchemy
  6656 | D:7      | Reached skill level 5 in Fire Magic
  6714 | D:7      | Noticed a troll
  6730 | D:7      | Killed a troll
  6852 | D:7      | Identified the +0 scale mail of Inaction {rN+ Str+2 Slay+3}
  6879 | D:7      | Found an iron altar of Okawaru.
  6984 | D:7      | Reached XP level 10. HP: 51/63 MP: 12/17
  6986 | D:7      | Reached skill level 10 in Alchemy
  7430 | D:8      | Reached skill level 1 in Invocations
  7435 | D:8      | Reached skill level 1 in Armour
  7955 | D:8      | Found a radiant altar of Vehumet.
  8384 | D:8      | Reached skill level 5 in Fighting
  8607 | D:9      | Noticed a two-headed ogre
  8616 | D:9      | Killed a two-headed ogre
  8617 | D:9      | Reached XP level 11. HP: 33/72 MP: 16/19
  9039 | D:9      | Reached ** piety under Hepliaklqana
  9040 | D:9      | Remembered your ancestor Usaluhem as a knight
  9052 | D:9      | Reached skill level 11 in Alchemy
  9394 | D:9      | Found a staircase to the Orcish Mines.
  9517 | D:9      | Found Eson's Fire Supplies.
  9783 | D:10     | Entered Level 10 of the Dungeon
  9888 | D:10     | Reached skill level 5 in Invocations
  9951 | D:10     | Reached skill level 5 in Armour
 10478 | D:10     | Reached *** piety under Hepliaklqana
 10481 | D:10     | Identified the flux talisman "Pywem" {rElec rC+ Str+3}
 10695 | D:9      | Reached XP level 12. HP: 80/80 MP: 22/22
 10741 | D:9      | Bought Duvod's Essays on Ashes for 450 gold pieces
 10746 | D:9      | Learned a level 4 spell: Ignite Poison
 10801 | D:11     | Noticed Erolcha
 10805 | D:11     | Noticed a two-headed ogre
 10809 | D:11     | Killed Erolcha
 10809 | D:11     | Killed a two-headed ogre
 10810 | D:11     | Reached skill level 12 in Alchemy
 10869 | D:11     | Found a staircase to the Lair.
 10909 | D:11     | Noticed Amaemon
 10919 | D:11     | Killed Amaemon
 11077 | D:11     | Noticed a two-headed ogre
 11080 | D:11     | Killed a two-headed ogre
 11232 | D:11     | Noticed a sun demon
 11311 | D:11     | Noticed a +0 hand axe
 11311 | D:11     | Noticed a +0 dagger
 11392 | D:11     | Found a hide-covered altar of Uskayaw.
 11455 | D:11     | Found a flickering gateway to a bazaar.
 11482 | Bazaar   | Entered a bazaar
 11482 | Bazaar   | Found Mude's Assorted Antiques.
 11482 | Bazaar   | Found Uwaodoem's Antique Armour Shop.
 11482 | Bazaar   | Found Melystril's Weapon Shop.
 11482 | Bazaar   | Found Noelisch's Antique Armour Boutique.
 11482 | Bazaar   | Found Xora's Weapon Boutique.
 11509 | Bazaar   | Bought a runed cloak for 172 gold pieces
 11537 | D:11     | Noticed a boulder beetle
 11545 | D:11     | Killed a boulder beetle
 11979 | D:12     | Reached XP level 13. HP: 88/88 MP: 23/25
 12110 | D:12     | Reached **** piety under Hepliaklqana
 12339 | D:12     | Noticed Gastronok
 12352 | D:12     | Killed Gastronok
 12455 | D:12     | Reached skill level 13 in Alchemy
 12814 | Lair:1   | Entered Level 1 of the Lair of Beasts
 13729 | Lair:1   | Reached ***** piety under Hepliaklqana
 14177 | Lair:2   | Reached skill level 14 in Alchemy
 14302 | Lair:2   | Found a hole to the Spider Nest.
 14303 | Lair:2   | Found the +4 robe of Augmentation {Str+4 Int+4 Dex+4}
 14987 | Lair:2   | Found a staircase to the Swamp.
 14987 | Lair:2   | Noticed a ghost crab
 15018 | Lair:2   | Reached skill level 10 in Spellcasting
 15018 | Lair:2   | Reached XP level 14. HP: 96/97 MP: 28/28
 16188 | Lair:4   | Noticed Snorg
 16192 | Lair:4   | Killed Snorg
 16262 | Lair:4   | Reached skill level 15 in Alchemy
 16878 | Lair:5   | Entered Level 5 of the Lair of Beasts
 17435 | Lair:5   | Reached skill level 10 in Fire Magic
 17610 | Lair:5   | Reached skill level 16 in Alchemy
 17672 | Lair:5   | Reached ****** piety under Hepliaklqana
 17675 | Lair:5   | Identified the +7 trident of the Endless Expanse {freeze,
                  | rF+ rC- Int+2}
 18267 | Lair:5   | Found a viscous altar of Jiyva.
 18267 | Lair:5   | Found a staircase to the Slime Pits.
 18654 | Lair:5   | Learned a level 6 spell: Eringya's Noxious Bog
 19415 | D:12     | Reached XP level 15. HP: 37/101 MP: 31/31
 19722 | D:13     | Found a frozen archway.
 19858 | IceCv    | Entered an ice cave
 20187 | IceCv    | Reached skill level 10 in Fighting
 20374 | IceCv    | Reached skill level 17 in Alchemy
 20444 | IceCv    | Reached skill level 1 in Hexes
 20520 | IceCv    | Noticed a frost giant
 20533 | IceCv    | Killed a frost giant
 20719 | IceCv    | Identified a scroll of acquirement
 21195 | D:13     | Identified the serpent talisman of the Depths {rF+}
 21435 | D:13     | Found a gate to the Vaults.
 21443 | D:13     | Reached skill level 5 in Hexes
 22051 | D:13     | Reached XP level 16. HP: 89/112 MP: 17/32
 22307 | D:13     | Acquired 754 gold pieces
 22675 | D:13     | Identified the ring "Fesepash" {rPois Will+ rCorr}
 24210 | D:15     | Entered Level 15 of the Dungeon
 24866 | D:15     | Found a staircase to the Depths.
 25354 | D:15     | Found a glowing silver altar of Zin.
 25534 | Orc:1    | Entered Level 1 of the Orcish Mines
 25738 | Orc:1    | Found a large runed translucent door.
 25738 | Orc:1    | Found a large runed translucent door.
 25808 | Orc:1    | Noticed Meogie's ghost (journeyman MiBe)
 26743 | Orc:2    | Entered Level 2 of the Orcish Mines
 26743 | Orc:2    | Found a staircase to the Elven Halls.
 26869 | Orc:2    | Found Keegouqa's Antique Weapon Boutique.
 27497 | Orc:2    | Found Peomim's General Store.
 27607 | Orc:2    | Found Xuoviniu's Antique Armour Shop.
 27676 | Orc:2    | Found Jaigg's Book Shoppe.
 27684 | Orc:2    | Bought a Compendium of Siegecraft for 680 gold pieces
 27692 | Orc:2    | Learned a level 7 spell: Seismic Cannonade
 27944 | Orc:2    | Bought a potion of brilliance for 52 gold pieces
 28168 | D:9      | Bought the Dissertation on Ignition for 780 gold pieces
 28175 | D:9      | Learned a level 5 spell: Yara's Violent Unravelling
 28181 | D:9      | Learned a level 5 spell: Fireball
 28326 | Spider:1 | Entered Level 1 of the Spider Nest
 28429 | Spider:1 | Reached skill level 1 in Earth Magic
 28433 | Spider:1 | Reached XP level 17. HP: 118/121 MP: 23/35
 30655 | Spider:2 | Reached skill level 5 in Earth Magic
 30739 | Spider:2 | Reached skill level 18 in Alchemy
 33769 | Spider:4 | Entered Level 4 of the Spider Nest
 33773 | Spider:4 | Reached XP level 18. HP: 125/128 MP: 32/36
 34062 | Spider:4 | Noticed Nikola
 34075 | Spider:4 | HP: 1/130 [Nikola/bolt of lightning (36)]
 34075 | Spider:4 | Mangled by a demonic crawler

Illustrated notes

Levels and vault maps discovered:
D:1:      roderic_dead_forest, layout_basic
D:2:      layout_basic, basic_altar, shapermc_ecumenical_altar_mp_vishouse
D:3:      layout_basic, kennysheep_small_spiral, minmay_gold_behind_fungi,
          hangedman_decor_growths, uniq_ijyb, uniq_natasha, uniq_robin
D:4:      layout_loops_ring
D:5:      layout_cave_pools, temple_pool_b, serial_shops, shop
D:6:      layout_loops_cross, corexii_hall_statues_l, blue_anna_alchemist,
          lightli_corner_chamber, uniq_jeremiah
D:7:      layout_rooms, nicolae_overflow_hallway_of_the_gods,
          okawaru_altar_gauntlet_db, corexii_checkpoint
D:8:      layout_basic, vehumet_statue
D:9:      layout_stronghold, erik_orc_4, nicolae_shop_fire_sale
          [nicolae_sub_dead_trees]
D:10:     layout_roguey, nicolae_looking_at_the_future
D:11:     layout_long_grid, grunt_lair_entry_orc_guard_hut, serial_shops,
          bzr_entry_dummy, st_stairs_9, dancing_weapons_uskayaw, uniq_erolcha,
          uniq_amaemon
D:12:     layout_irregular_city, uniq_gastronok
D:13:     regret_index_malice_mire, layout_loops_ring, erik_vaults_2,
          portal_ice_cave_entry_ice_simulacra
D:14:     layout_irregular_city, minivault_10
D:15:     grunt_enter_depths_hoard, layout_loops_ring,
          nicolae_cairo_tiling_large, minivault_1, zin_scriptorium
Temple:   nicolae_temple_ecumenical_triangle
Lair:1:   layout_cellular_growth, cheibrodos_lair_reptile_den
Lair:2:   layout_gridlike, nicolae_swamp_entry_spooky, dummy_spider_entry,
          minivault_25
Lair:3:   layout_roguey, chequers_serial_rivers_micro_a, grunt_megastairs_2,
          infiniplex_staircase_pool, lemuel_fruit_tree, serial_bayou_shore_a,
          serial_bayou_shore_b
Lair:4:   layout_roguey, serial_bayou_shore_b, uniq_snorg
Lair:5:   minmay_lair_end_enchanted_forest, layout_regular_city,
          dpeg_slime_entry_enclosed, serial_bayou_shore_b, grunt_megastairs_1
Spider:1: layout_cave_pods, hangedman_spider_tarantella_strand
Spider:2: layout_chambers
Spider:3: layout_spider_delve
Spider:4: hellmonk_spider_rune_bug_friends, nicolae_spider_webbed_stairs,
          uniq_nikola, uniq_arachne
Orc:1:    layout_diamond_mine, ebering_ghost_disaster_area
Orc:2:    grunt_orc_gardens, layout_diamond_mine, grunt_orc_garden,
          grunt_orc_garden, grunt_orc_garden, grunt_orc_garden

Skill      XL: |  1  2  3  4  5  6  7  8  9 10 11 12 13 14 15 16 17 |
---------------+----------------------------------------------------+-----
Fighting       | 1 3 5 6 8 9 11 12 13 | 13.9
Conjurations   | 1 2 3 4 5 6 7 8 9 |  9.4
Alchemy        | 5 6 7 9 10 11 12 14 16 17 18 | 18.0
Air Magic      | 1 2 3 4 |  4.0
Spellcasting   | 3 4 5 7 8 10 12 14 | 14.8
Shields        | 3 4 5 |  5.0
Fire Magic     | 1 3 5 6 8 10 11 | 11.0
Dodging        | 3 4 |  4.4
Invocations    | 3 5 7 8 |  8.0
Armour         | 3 5 |  5.0
Stealth        | 4 |  4.0
Hexes          | 7 8 |  8.0
Earth Magic    | 1 8 |  8.7

Action                     |  1- 3 |  4- 6 |  7- 9 | 10-12 | 13-15 | 16-18 || total
---------------------------+-------+-------+-------+-------+-------+-------++-------
  Melee: Unarmed           |     3 |       |       |       |       |       ||     3
         Hand axe          |     3 |       |       |       |       |       ||     3
         Staff             |     5 |       |    36 |     5 |       |       ||    46
   Fire: Orcbow            |       |       |       |   269 |   385 |   331 ||   985
   Cast: Sting             |    73 |    93 |   103 |    21 |    17 |     2 ||   309
         Olgreb's Toxic Ra |       |     1 |    15 |    47 |    81 |    67 ||   211
         Mephitic Cloud    |       |       |     4 |    21 |    16 |    57 ||    98
         Sticky Flame      |       |       |    18 |    16 |    37 |    43 ||   114
         Ignite Poison     |       |       |       |    11 |   100 |    97 ||   208
         Eringya's Noxious |       |       |       |       |     3 |     8 ||    11
         Fireball          |       |       |       |       |       |    32 ||    32
         Seismic Cannonade |       |       |       |       |       |     1 ||     1
 Invoke: Recall Ancestor   |       |       |     1 |       |     1 |     2 ||     4
         Ancestor Life: Kn |       |       |       |     1 |       |       ||     1
         Idealise          |       |       |       |       |     3 |    10 ||    13
Ability: Dig               |       |       |       |       |       |     2 ||     2
    Use: Scroll            |       |       |    10 |     7 |     6 |     6 ||    29
         Potion            |       |       |     1 |       |       |    10 ||    11
   Stab: Confused          |       |       |     1 |       |       |       ||     1
 Armour: Robe              |    21 |    21 |    50 |    45 |    93 |    30 ||   260
         Troll leather arm |       |       |       |    36 |    24 |       ||    60
         Leather armour    |       |       |       |       |       |   174 ||   174
  Dodge: Dodged            |    15 |    15 |    60 |    83 |    95 |   181 ||   449
  Block: Buckler           |       |     4 |    22 |    31 |    38 |    82 ||   177

Table legend: (Time is in decaauts)
 A = Elapsed time spent in this place.
 B = Non-inter-level travel time spent in this place.
 C = Inter-level travel time spent in this place.
 D = Time resting spent in this place.
 E = Time spent auto-exploring this place.
 F = Levels seen in this place.
 G = Mean time per level.
                   A        B        C        D        E       F      G
               +--------+--------+--------+--------+--------+-----+--------+
         Total |  34665 |  32901 |   1764 |   4395 |  22183 |  29 | 1195.3 |
       Dungeon |  18486 |  17386 |   1100 |   1285 |  12894 |  15 | 1232.4 |
        Temple |     10 |      1 |      9 |      0 |      0 |   1 |   10.0 |
          Lair |   6628 |   6264 |    364 |    300 |   4970 |   5 | 1325.6 |
   Spider Nest |   5842 |   5688 |    154 |   2159 |   2497 |   4 | 1460.5 |
  Orcish Mines |   2318 |   2181 |    137 |    271 |   1356 |   2 | 1159.0 |
        Bazaar |     39 |     39 |      0 |      0 |      0 |   1 |   39.0 |
      Ice Cave |   1338 |   1338 |      0 |    380 |    466 |   1 | 1338.0 |
               +--------+--------+--------+--------+--------+-----+--------+

Top non-repeatable levels by time:
Spider:2: 2119 daAuts
    D:13: 1954 daAuts
  Lair:5: 1936 daAuts
Spider:3: 1781 daAuts
     D:9: 1709 daAuts
  Lair:1: 1696 daAuts
Spider:1: 1627 daAuts
    D:14: 1444 daAuts
     D:6: 1421 daAuts
   IceCv: 1338 daAuts
   Orc:1: 1296 daAuts
     D:8: 1254 daAuts
    D:11: 1251 daAuts
    D:12: 1245 daAuts
    D:15: 1215 daAuts
